 Dungeon Crawl Stone Soup version 0.20.1-1-g8b1a95d (webtiles) character file.

102256 esteth the Severer (level 15, -4/134 HPs)
             Began as a Minotaur Berserker on Oct 16, 2017.
             Was the Champion of Trog.
             Killed from afar by a white imp (9 damage)
             ... with a puff of frost
             ... summoned by a neqoxec
             ... summoned by an orc high priest
             ... on level 2 of the Orcish Mines on Oct 17, 2017.
             The game lasted 01:07:37 (25333 turns).

esteth the Severer (Minotaur Berserker)            Turns: 25333, Time: 01:07:38

Health: -4/134     AC: 26    Str: 25    XL:     15   Next: 85%
Magic:  21/21      EV: 15    Int:  4    God:    Trog [******]
Gold:   1874       SH:  3    Dex: 14    Spells: 14/14 levels left

rFire    . . .     SeeInvis +   Z - +5 battleaxe "Bied" {drain, rPois Int-5 SInv}
rCold    . . .     Gourm    .   (shield currently unavailable)
rNeg     . . .     Faith    .   P - +5 chain mail {rPois}
rPois    +         Spirit   .   (helmet restricted)
rElec    .         Reflect  +   A - +1 cloak {rPois}
rCorr    .         Harm     .   o - +0 pair of gloves
MR       +++++                  J - +2 pair of boots
Stlth    ..........             k - +3 amulet of reflection
Regen    1.4/turn               K - ring of protection from magic
MPRegen  0.2/turn               Q - +4 ring of intelligence (curse)

@: about to teleport, regenerating, hasted, very quick
A: retaliatory headbutt, beak, horns 2, yellow scales 1, magic resistance 1,
strong 1
a: Berserk, Trog's Hand, Brothers in Arms, Burn Spellbooks, Renounce Religion


You were on level 2 of the Orcish Mines.
You worshipped Trog.
Trog was exalted by your worship.
You were not hungry.

You visited 3 branches of the dungeon, and saw 22 of its levels.
You also visited: Bailey.

You collected 2114 gold pieces.
You spent 240 gold pieces at shops.

Inventory:

Hand Weapons
 I - a +3 battleaxe
 Z - the +5 battleaxe "Bied" (weapon) {drain, rPois Int-5 SInv}
   (Trog gifted it to you on level 11 of the Dungeon)

   A truly terrible weapon, it drains the life of those it strikes.
   It affects your intelligence (-5).
   It protects you from poison.
   It lets you see invisible.
Missiles
 L - 5 tomahawks of dispersal (quivered)
Armour
 o - a +0 pair of gloves (worn)
 r - a +0 pair of boots
 A - a +1 cloak of poison resistance (worn)
 J - a +2 pair of boots (worn)
 P - a +5 chain mail of poison resistance (worn)
Jewellery
 k - a +3 amulet of reflection (around neck)
 q - an uncursed ring of resist corrosion
 K - a ring of protection from magic (left hand)
 O - a +3 ring of dexterity
 Q - a cursed +4 ring of intelligence (right hand)
Wands
 b - a wand of confusion (23/48)
 y - a wand of digging (16/24)
 E - a wand of polymorph (24/24)
 N - a wand of confusion (15/48)
 T - a wand of scattershot (5/9)
Scrolls
 a - 2 scrolls of blinking
 h - a scroll of identify
 l - a scroll of fog
 m - 11 scrolls of magic mapping
 t - 15 scrolls of teleportation
 x - 2 scrolls of fear
 z - a scroll of silence
 B - 2 scrolls of immolation
 C - 10 scrolls of remove curse
 G - a scroll of enchant weapon
Potions
 e - a potion of invisibility
 f - 3 potions of haste
 g - 3 potions of resistance
 i - 15 potions of curing
 n - 3 potions of might
 p - a potion of lignification
 u - 2 potions of agility
 w - a potion of brilliance
 D - a potion of berserk rage
 M - a potion of flight {unknown}
Books
 v - a book of the Sky

   Spells                             Type                      Level
   a - Summon Lightning Spire         Summoning/Air                4
   b - Silence                        Hexes/Air                    5
   c - Deflect Missiles               Charms/Air                   6
   d - Conjure Ball Lightning         Conjuration/Air              6
   e - Tornado                        Air                          9
   Trog disapproves of the use of such an item.
Miscellaneous
 j - a lamp of fire
Comestibles
 c - 8 bread rations
 d - 19 chunks of flesh
 s - 14 royal jellies
 F - 2 fruits
 H - 9 meat rations


   Skills:
 - Level 12.4 Fighting
 - Level 20.9 Axes
 + Level 12.0 Armour
 + Level 11.1 Dodging
 - Level 10.2 Evocations


You had 14 spell levels left.
You didn't know any spells.

Dungeon Overview and Level Annotations

Branches:
Dungeon (15/15)            Temple (0/1) D:4            Lair (5/6) D:8
  Swamp (0/4) Lair:3       Spider (0/4) Lair:4        Slime (0/5) Lair:5
    Orc (2/2) D:11            Elf (0/3) Orc:2        Vaults (0/5) D:13
 Depths (0/5) D:15

Altars:
Ashenzari
Elyvilon
Kikubaaqudgha
Nemelex Xobeh
Okawaru
Ru
Sif Muna
Uskayaw
The Shining One
Beogh
Jiyva

Shops:
D:6 [   D:10 %   D:14 [   D:15 (

Annotations:
D:10 exclusions: ice statue and obsidian statue
Lair:4 exclusion: 2 oklob plants


Innate Abilities, Weirdness & Mutations

You reflexively headbutt those who attack you in melee.
You have a pair of horns on your head.
You have a beak for a mouth.
You are partially covered in yellow scales. (AC +2)
You are resistant to hostile enchantments. (MR+)
Your muscles are strong. (Str +2)


Message History

The sixfirhy hits you but does no damage.
The white imp puffs mist at you.
As you read the scroll of teleportation, it crumbles to dust.
You feel strangely unstable.
The sixfirhy hits you but does no damage.
The sixfirhy closely misses you.
The orc high priest prays to Beogh.
The sixfirhy hits you.
* * * LOW HITPOINT WARNING * * *
The sixfirhy shocks you!
* * * LOW HITPOINT WARNING * * *
An orc warrior comes into view. It is wielding a halberd.
You feel better. The sixfirhy barely misses you. You furiously retaliate!
You headbutt the sixfirhy. The sixfirhy hits you!
* * * LOW HITPOINT WARNING * * *
The sixfirhy shocks you!
* * * LOW HITPOINT WARNING * * *
The white imp gestures at you. The puff of frost hits you!
You die...

### ...÷... ###.# ...oo..## ....
....# ..o.÷.## ## .... ....##
...o.# #.##.... ...#.# #435##
...#... #....#### #o..# ......
#.....#.## ##o3o# #.....
#........# ###3oo.# ###.....
........######..@5.## ##.......
..................### ##........
.................##.####.........
..#............###....##.....<...
..#...........##.#.....#.......##
...............)).....##........#
#..............)).(....#...#....#
#..............))...((.##.##.....
........................##.......


You could see an orc knight, 2 orc high priests, a sixfirhy, a neqoxec, a
ynoxinul, 2 orc warriors, an orc priest, a white imp and a shadow imp.

Vanquished Creatures
  The ghost of Britaniac the Carver, a journeyman DsFi of Okawaru (Orc:2)
  An ettin (D:15)
  Harold (D:10)
  A vault guard (D:13)
  2 hydras
  3 ogre magi
  A centaur warrior (D:15)
  12 two-headed ogres
  2 tengu warriors (D:14)
  An orc high priest (Orc:1)
  Sonja (D:12)
  5 skeletal warriors (D:15)
  A deep troll (D:15)
  4 unseen horrors
  A wizard (D:13)
  2 necromancers
  3 deep elf magi
  4 orc knights
  2 wolf spider zombies (D:14)
  3 cyclopes
  2 orc sorcerers
  9 elephants
  2 manticores (D:15)
  An ugly thing (D:13)
  Maurice (D:8)
  4 black mambas
  8 spiny frogs
  4 centaur zombies
  3 gargoyles (D:15)
  A torpor snail (Lair:5)
  A rime drake (Lair:1)
  7 komodo dragons
  A kobold demonologist (D:11)
  2 redback zombies
  2 yaktaurs
  3 meliai (D:15)
  A queen bee (Lair:2)
  5 trolls
  Prince Ribbit (D:5)
  2 hornets
  16 blink frogs
  5 dream sheep (Lair:4)
  6 hippogriffs
  2 shadows
  2 redbacks (Lair:4)
  24 yaks
  4 basilisks
  A vampire (D:13)
  A wraith (D:14)
  19 humans (D:13)
  2 steam dragons
  5 wyverns
  4 hungry ghosts
  A redback simulacrum (D:14)
  An acid dragon (D:15)
  A warg (Orc:2)
  7 water moccasins
  15 porcupines
  Duvessa (D:6)
  30 orc warriors
  4 sky beasts
  A swamp drake (Lair:3)
  2 ice beasts (D:6)
  A black bear (D:9)
  A necrophage (D:5)
  A hornet zombie (D:14)
  9 ogres
  3 phantoms
  The ghost of raikaria the Cudgeler, an amateur FoFi (D:3)
  21 centaurs
  9 crocodiles
  4 big kobolds
  20 bullfrogs
  A wyvern zombie (D:13)
  A wyvern skeleton (D:8)
  A water moccasin skeleton (D:8)
  Dowan (D:6)
  3 scorpions
  31 killer bees
  12 wights
  5 howler monkeys
  5 crimson imps
  A quasit (D:6)
  4 centaur skeletons
  4 jellies
  8 hounds
  2 bullfrog skeletons
  14 orc priests
  9 iguanas
  21 orc wizards
  14 worker ants
  7 ogre zombies (D:11)
  A worker ant zombie (D:8)
  19 gnolls
  10 adders
  6 shadow imps
  An ooze (D:3)
  An adder skeleton (D:4)
  A worm (D:2)
  6 dart slugs
  7 leopard geckos
  93 orcs
  A ball python (D:3)
  4 giant cockroaches
  21 goblins
  14 hobgoblins
  18 jackals
  3 quokkas
  6 bats
  A frilled lizard (D:1)
  A goblin skeleton (D:11)
  4 goblin zombies (D:11)
  6 hobgoblin zombies (D:11)
  A jackal skeleton (D:4)
  A jackal zombie (D:5)
  14 kobolds
  3 kobold zombies (D:4)
  A leopard gecko skeleton (D:5)
  5 orc skeletons
  14 orc zombies
  A quokka skeleton (D:6)
  11 rats
  A fungus (Lair:5)
755 creatures vanquished.

Vanquished Creatures (collateral kills)
  An orc warlord (Bailey)
  3 hydras
  A spiny frog (Lair:3)
  2 rime drakes (Lair:5)
  3 porcupines
  2 orc warriors (Bailey)
  An ice beast (D:11)
  2 gnolls (Bailey)
  2 goblins (Bailey)
  A hobgoblin (Bailey)
18 creatures vanquished.

Vanquished Creatures (others)
  A bush (Lair:5)
  6 fungi (Lair:5)
  6 plants
13 creatures vanquished.

Grand Total: 786 creatures vanquished

Notes
Turn   | Place    | Note
-------+----------+-------------------------------------------
     0 | D:1      | esteth the Minotaur Berserker began the quest for the Orb.
     0 | D:1      | Reached XP level 1. HP: 19/19 MP: 0/0
   128 | D:1      | Reached skill level 4 in Axes
   140 | D:1      | Reached XP level 2. HP: 19/26 MP: 1/1
   725 | D:2      | Reached skill level 5 in Axes
   725 | D:2      | Reached XP level 3. HP: 27/31 MP: 2/2
  1001 | D:2      | Reached ** piety under Trog
  1098 | D:2      | Found a faded altar of an unknown god.
  1132 | D:2      | Reached XP level 4. HP: 14/39 MP: 3/3
  1138 | D:2      | Reached skill level 6 in Axes
  1904 | D:3      | Noticed raikaria's ghost (amateur FoFi)
  1908 | D:3      | Killed raikaria's ghost
  1908 | D:3      | Reached skill level 7 in Axes
  1908 | D:3      | Reached XP level 5. HP: 45/45 MP: 4/4
  2016 | D:3      | Found an iron altar of Okawaru.
  2110 | D:3      | Reached skill level 8 in Axes
  2199 | D:3      | Reached XP level 6. HP: 45/51 MP: 5/5
  2634 | D:4      | Found a glowing golden altar of the Shining One.
  2678 | D:4      | Found a staircase to the Ecumenical Temple.
  2783 | D:4      | Reached skill level 9 in Axes
  3119 | D:4      | Reached XP level 7. HP: 41/57 MP: 6/6
  3230 | D:4      | Reached skill level 10 in Axes
  3607 | D:5      | Entered Level 5 of the Dungeon
  3607 | D:5      | Noticed Prince Ribbit
  3620 | D:5      | Killed Prince Ribbit
  3763 | D:5      | Reached *** piety under Trog
  3763 | D:5      | Reached skill level 11 in Axes
  4509 | D:5      | Reached XP level 8. HP: 52/62 MP: 7/7
  4570 | D:6      | Found a sparkling altar of Nemelex Xobeh.
  4701 | D:6      | Reached skill level 12 in Axes
  5032 | D:6      | Found an ancient bone altar of Kikubaaqudgha.
  5034 | D:6      | Found a deep blue altar of Sif Muna.
  5139 | D:6      | Noticed Duvessa
  5139 | D:6      | Noticed Dowan
  5146 | D:6      | Killed Dowan
  5153 | D:6      | Killed Duvessa
  5153 | D:6      | Reached skill level 13 in Axes
  5226 | D:6      | Found Kisix's Antique Armour Boutique.
  5590 | D:6      | Found a sparkling altar of Nemelex Xobeh.
  5684 | D:7      | Reached XP level 9. HP: 55/68 MP: 8/8
  5703 | D:7      | Noticed a two-headed ogre
  5785 | D:7      | Killed a two-headed ogre
  5785 | D:7      | Reached skill level 14 in Axes
  5937 | D:7      | Reached skill level 15 in Axes
  6373 | D:7      | Found a hide-covered altar of Uskayaw.
  6488 | D:7      | Found a shattered altar of Ashenzari.
  7420 | D:8      | Reached skill level 16 in Axes
  7588 | D:8      | Noticed Maurice
  7598 | D:8      | Killed Maurice
  7598 | D:8      | Reached XP level 10. HP: 75/75 MP: 9/9
  7681 | D:8      | Reached **** piety under Trog
  7845 | D:8      | Found a white marble altar of Elyvilon.
  8021 | D:8      | Found a staircase to the Lair.
  8030 | D:8      | Reached skill level 1 in Evocations
  8425 | Lair:1   | Entered Level 1 of the Lair of Beasts
  8425 | Lair:1   | Noticed a spiny frog
  8432 | Lair:1   | Killed a spiny frog
  8878 | Lair:1   | Noticed a black mamba
  8885 | Lair:1   | Killed a black mamba
  8963 | Lair:1   | Reached skill level 5 in Evocations
  9611 | Lair:1   | Noticed a four-headed hydra
  9617 | Lair:1   | Killed a four-headed hydra
  9701 | Lair:1   | Noticed a spiny frog
  9705 | Lair:1   | Killed a spiny frog
 10011 | Lair:2   | Reached XP level 11. HP: 82/82 MP: 15/15
 11653 | Lair:3   | Found a staircase to the Swamp.
 11665 | Lair:3   | Reached skill level 10 in Evocations
 12161 | Lair:3   | Reached skill level 5 in Fighting
 12428 | Lair:3   | Reached skill level 17 in Axes
 12543 | Lair:3   | Reached ***** piety under Trog
 12660 | Lair:3   | Noticed a seven-headed hydra
 12664 | Lair:3   | Killed a seven-headed hydra
 12710 | Lair:3   | Reached XP level 12. HP: 88/100 MP: 18/18
 13316 | Lair:4   | Received a gift from Trog
 13328 | Lair:4   | Found a hole to the Spider Nest.
 14128 | Lair:4   | Reached skill level 18 in Axes
 15266 | Lair:5   | Reached skill level 10 in Fighting
 15455 | Lair:5   | Found a viscous altar of Jiyva.
 15456 | Lair:5   | Found a staircase to the Slime Pits.
 15855 | Lair:5   | Noticed a four-headed hydra
 15864 | Lair:5   | Killed a six-headed hydra
 16263 | Lair:5   | Reached XP level 13. HP: 65/116 MP: 19/19
 16554 | Lair:5   | Reached skill level 19 in Axes
 17060 | D:9      | Found a flagged portal.
 17071 | Bailey   | Entered a bailey
 17389 | Bailey   | Noticed an orc warlord
 17413 | Bailey   | Killed an orc warlord
 17700 | D:9      | Identified a scroll of acquirement
 18145 | D:10     | Entered Level 10 of the Dungeon
 18284 | D:10     | Found Nemowafe's Food Emporium.
 18407 | D:10     | Noticed Harold
 18421 | D:10     | Killed Harold
 18853 | D:10     | Received a gift from Trog
 19557 | D:11     | Found a staircase to the Orcish Mines.
 19719 | D:11     | Received a gift from Trog
 19722 | D:11     | Got a warped battleaxe {god gift}
 19723 | D:11     | Lost intelligence.
 19723 | D:11     | Identified the +5 battleaxe "Bied" {drain, rPois Int-5 SInv} (Trog gifted it to you on level 11 of the Dungeon)
 19960 | D:11     | Gained mutation: You have a beak for a mouth. [potion of mutation]
 19960 | D:11     | Gained mutation: You are partially covered in yellow scales. (AC +2) [potion of mutation]
 19960 | D:11     | Gained mutation: You are resistant to hostile enchantments. (MR+) [potion of mutation]
 19960 | D:11     | Gained mutation: Your muscles are strong. (Str +2) [potion of mutation]
 19967 | D:11     | Reached skill level 20 in Axes
 19967 | D:11     | Reached skill level 5 in Dodging
 19967 | D:11     | Reached XP level 14. HP: 127/127 MP: 20/20
 20547 | D:12     | Noticed Sonja
 20558 | D:12     | Killed Sonja
 20684 | D:12     | Found a labyrinth entrance.
 21221 | D:13     | Found a roughly hewn altar of Beogh.
 21657 | D:13     | Received a gift from Trog
 21676 | D:13     | Found a gate to the Vaults.
 21680 | D:13     | Reached XP level 15. HP: 118/134 MP: 21/21
 22165 | D:14     | Reached ****** piety under Trog
 22459 | D:14     | Found a sacrificial altar of Ru.
 22548 | D:14     | Found Nudayxt's Antique Armour Boutique.
 22551 | D:14     | Bought a pair of glowing boots for 240 gold pieces
 22744 | D:15     | Entered Level 15 of the Dungeon
 23089 | D:15     | Reached skill level 10 in Armour
 23138 | D:15     | Received a gift from Trog
 23710 | D:15     | Found Laitwux's Antique Weapon Boutique.
 23852 | D:15     | Found a staircase to the Depths.
 23856 | D:15     | Reached skill level 10 in Dodging
 24457 | Orc:1    | Entered Level 1 of the Orcish Mines
 25005 | Orc:1    | Got a dazzling war axe
 25011 | Orc:1    | Identified the +9 war axe of Evisceration {freeze, *Corrode rF++ Dex+2 SInv} (You found it on level 1 of the Orcish Mines)
 25076 | Orc:2    | Entered Level 2 of the Orcish Mines
 25121 | Orc:2    | Noticed Britaniac's ghost (journeyman DsFi)
 25138 | Orc:2    | Killed Britaniac's ghost
 25246 | Orc:2    | Found a staircase to the Elven Halls.
 25300 | Orc:2    | Received a gift from Trog
 25333 | Orc:2    | HP: 5/134 [sixfirhy[an orc high priest] (11)]
 25333 | Orc:2    | Killed from afar by a white imp

Skill      XL: |  1  2  3  4  5  6  7  8  9 10 11 12 13 14 15 |
---------------+----------------------------------------------+-----
Axes           | 4 5 7 8 9 11 13 16 17 18 20 | 20.9
Evocations     | 7 10 | 10.2
Fighting       | 7 11 12 | 12.4
Armour         | 6 8 12 | 12.0
Dodging        | 5 7 11 | 11.1

Action                   |  1- 3 |  4- 6 |  7- 9 | 10-12 | 13-15 || total
-------------------------+-------+-------+-------+-------+-------++-------
Melee: Hand axe          |    58 |   170 |   251 |       |       ||   479
       Headbutt          |    10 |    34 |    46 |   101 |   153 ||   344
       Battleaxe         |       |       |    48 |   404 |   779 ||  1231
       Broad axe         |       |       |       |    22 |       ||    22
       Peck              |       |       |       |       |    85 ||    85
Invok: Trog's Hand       |       |     2 |     4 |     2 |     5 ||    13
       Berserk           |       |     1 |     6 |    14 |     9 ||    30
       Brothers in Arms  |       |       |       |     4 |     4 ||     8
Evoke: Wand              |       |       |       |       |     4 ||     4
  Use: Scroll            |     1 |       |    14 |     2 |    17 ||    34
       Potion            |       |       |     2 |     1 |    16 ||    19
 Stab: Distracted        |       |       |       |     1 |       ||     1
  Eat: Chunk             |     1 |     7 |    18 |    29 |    39 ||    94
       Bread ration      |       |       |     1 |     2 |     2 ||     5
       Royal jelly       |       |       |       |     1 |       ||     1
       Fruit             |       |       |       |     1 |       ||     1
Armor: Animal skin       |     6 |     1 |       |       |       ||     7
       Scale mail        |       |    45 |    81 |   124 |    17 ||   267
       Chain mail        |       |       |       |       |   296 ||   296
Dodge: Dodged            |    28 |    51 |   114 |   148 |   316 ||   657
Block: Other             |     4 |    21 |    20 |    38 |    91 ||   174
       Reflection        |       |     1 |     1 |       |    14 ||    16
